AoeStats
← Churrupito

Lombardia

508032785Analyzed
3v3 RM · 13d ago on Sep 20, 2026· 16m 30s· 6 players
Game mode
Random Map
Map size
Normal (6 player)
Population
200
Speed
Normal
Resources
Standard
Victory
Conquest
Starting age
Dark Age
Ending age
Imperial Age
RankedLock teamsTeams togetherTeam positionsShared explorationLock speedFull tech treeHidden civsTurbo modeCheats
Victory
Defeat
🇨🇳 Poles · China
1232
+14
🇺🇸 Slavs · United States
1187
+16
🇧🇷 Goths · Brazil
1123
+19
🇸🇪 Khmer · Sweden
1200
-17
🇸🇪 Wei · Sweden
1199
-17
🇪🇸 Shu · Spain
1156
-15
JediiMastaah
7:06 Loom
9:05 Feudal Age
9:43 Double-Bit Axe
9:48 Horse Collar
13:45 Scale Barding Armor
14:42 Forging
Falcon
10:50 Feudal Age
Churrupito
6:42 Loom
9:34 Feudal Age
7:49 Loom
13:15 Double-Bit Axe
14:36 Fletching
GloatingRumble2
6:30 Loom
8:55 Feudal Age
9:47 Man-at-Arms
12:17 Scale Mail Armor
15:14 Horse Collar
17:18 Forging
Sam
12:35 Feudal Age
13:16 Double-Bit Axe
13:51 Loom
16:16 Castle Age
15:35 Horse Collar
驯龙骑士尹志平
11:21 Feudal Age
9:41 Loom
9:46 Loom
11:32 Feudal Age
17:43 Castle Age
15:34 Double-Bit Axe
15:32 Horse Collar
Connection lost

Rejoining the realm…

Still unreachable

The connection could not be restored.

Session expired

The server has moved on; the page needs a fresh start.